 Dungeon Crawl Stone Soup version 0.31-a0-1074-g0b22e4e0f1 (webtiles) character file.

Game seed: 11003405990210975996

817 wildpjah the Chopper (level 7, -10/61 HPs)
             Began as a Minotaur Fighter on Dec 3, 2023.
             Was a Believer of Okawaru.
             Killed from afar by an acid dragon (26 damage)
             ... with a splash of acid
             ... on level 5 of the Dungeon.
             The game lasted 00:05:24 (3655 turns).

wildpjah the Chopper (Minotaur Fighter)             Turns: 3655, Time: 00:05:25

Health: -10/61     AC:  8    Str: 20    XL:     7   Next: 62%
Magic:  4/6        EV: 12    Int:  5    God:    Okawaru [**....]
Gold:   200        SH:  6    Dex: 12    Spells: 6/6 levels left

rFire   . . .        a - +0 war axe
rCold   . . .        c - +0 buckler
rNeg    . . .        b - +0 scale mail
rPois   .            (helmet restricted)
rElec   .            (no cloak)
rCorr   .            (no gloves)
SInv    .            (no boots)
Will    .....        (no amulet)
Stlth   +            (no ring)
HPRegen 0.30/turn    (no ring)
MPRegen 0.10/turn

%: no passive effects
@: heroic
A: horns 2, retaliatory headbutt
a: Renounce Religion, Heroism


You were on level 5 of the Dungeon.
You worshipped Okawaru.
Okawaru was pleased with you.
You visited 1 branch of the dungeon, and saw 5 of its levels.

You collected 200 gold pieces.

Inventory:

Hand Weapons
 a - a +0 war axe (weapon)
Missiles
 i - 5 poisoned darts
 x - 3 boomerangs (quivered)
Armour
 b - a +0 scale mail (worn)
 c - a +0 buckler (worn)
Jewellery
 e - a ring of protection from cold
 t - a ring of ice
Wands
 q - a wand of polymorph (15)
Scrolls
 f - 2 scrolls of torment {unknown}
 g - 2 scrolls of blinking {unknown}
 h - 2 scrolls of identify {unknown}
 l - a scroll of enchant armour {unknown}
 m - a scroll of summoning {unknown}
 p - a scroll of teleportation {unknown}
 r - 2 scrolls of noise {unknown}
 v - a scroll of brand weapon {unknown}
 w - a scroll of fog {unknown}
 y - 3 scrolls of amnesia {unknown}
Potions
 d - a potion of might
 j - 3 potions of curing {unknown}
 k - a potion of lignification {unknown}
 n - a potion of degeneration {unknown}
 o - a potion of attraction {unknown}
 s - a potion of ambrosia {unknown}
 u - a potion of magic {unknown}


   Skills:
 + Level 5.3(10.3) Fighting
 + Level 6.8(11.8) Axes
 + Level 0.4(5.4) Throwing
 * Level 5.7(10.7) Armour
 + Level 2.3(7.3) Dodging
 + Level 0.1(5.1) Stealth
 * Level 5.5(10.5) Shields
 + Level 0.1 Invocations


You had 6 spell levels left.
You didn't know any spells.
Your spell library contained the following spells:

 Spells                   Type           Power      Damage    Failure   Level
 Sublimation of Blood     Necr           0%         N/A       91%         2
 Wereblood                Tmut           0%         N/A       91%         2
 Summon Hydra             Summ           Unusable   N/A       N/A         7

Dungeon Overview and Level Annotations

Branches:
Dungeon (5/15)             Temple (0/1) D:5

Altars:
Okawaru
Qazlal


Innate Abilities, Weirdness & Mutations

You have a pair of horns on your head.
You reflexively headbutt those who attack you in melee.


Message History

y - 3 scrolls labelled GETHYCSE UQEUSM (gained 2)
You hit the acid dragon.
The acid dragon is lightly wounded.
The acid dragon spits acid at you. The splash of acid hits you!!
You completely miss the acid dragon.
The acid dragon is lightly wounded.
The acid dragon bites you.
The acid dragon claws you but does no damage.
You barely miss the acid dragon.
You headbutt the acid dragon, but do no damage.
The acid dragon is lightly wounded.
The acid dragon barely misses you. You furiously retaliate!
You headbutt the acid dragon! You block the acid dragon's attack.
The acid dragon spits acid at you. The splash of acid hits you!
You gain the combat prowess of a mighty hero.
The acid dragon closely misses you. x2
You hit the acid dragon. Your headbutt misses the acid dragon.
The acid dragon is moderately wounded.
You hit the acid dragon but do no damage.
The acid dragon is moderately wounded.
You block the acid dragon's attack. x2
Unknown command.
You closely miss the acid dragon. You headbutt the acid dragon.
The acid dragon is heavily wounded.
The acid dragon barely misses you. The acid dragon closely misses you.
You closely miss the acid dragon. You headbutt the acid dragon.
The acid dragon is heavily wounded.
You block the acid dragon's attack. The acid dragon claws you.
You hit the acid dragon.
The acid dragon is severely wounded.
The acid dragon bites you.
* * * LOW HITPOINT WARNING * * *
The acid dragon barely misses you.
You barely miss the acid dragon.
The acid dragon is severely wounded.
The acid dragon spits acid at you. The splash of acid hits you!!
You die...

#...#.. #...#.###.
#.........
#...P...##
#^..P).... ..
#..P.>..#. ...
#.D.P.P... #...
#.@.....#
#..##...#...#
#..#...# ##
#......# .#
##......#
..###..###'##
###.....####.# #
..........##.##.###
#........##..#...#


You could see an acid dragon (catching breath).

Vanquished Creatures
  Grinder (D:3)
  Sigmund (D:3)
  3 scorpions
  Crazy Yiuf (D:2)
  2 orc wizards
  9 adders
  3 worms (D:2)
  2 dart slugs
  19 orcs
  6 endoplasms
  2 giant cockroaches
  5 goblins
  5 hobgoblins
  10 jackals
  9 kobolds
  3 quokkas
  9 ball pythons
  3 bats
  4 frilled lizards
  9 rats
106 creatures vanquished.

Notes
Turn   | Place    | Note
-------+----------+-------------------------------------------
     0 | D:1      | wildpjah the Minotaur Fighter began the quest for the Orb.
     0 | D:1      | Reached XP level 1. HP: 19/19 MP: 0/0
    92 | D:1      | Found a faded altar of an unknown god.
    96 | D:1      | Prayed at the altar of an unknown god.
    96 | D:1      | Became a worshipper of Warmaster Okawaru
    96 | D:1      | Reached * piety under Okawaru
   220 | D:1      | Reached XP level 2. HP: 27/27 MP: 1/1
   760 | D:1      | Reached skill level 3 in Axes
   821 | D:1      | Reached XP level 3. HP: 33/33 MP: 2/2
  1298 | D:2      | Reached skill level 1 in Dodging
  1356 | D:2      | Reached XP level 4. HP: 40/40 MP: 3/3
  1679 | D:2      | Found a runed translucent door.
  1680 | D:2      | Noticed Crazy Yiuf
  1688 | D:2      | Killed Crazy Yiuf
  1869 | D:3      | Reached skill level 4 in Axes
  1887 | D:3      | Reached XP level 5. HP: 21/47 MP: 4/4
  2134 | D:3      | Noticed Grinder
  2135 | D:3      | Paralysed by Grinder for 3 turns
  2146 | D:3      | Killed Grinder
  2146 | D:3      | Reached ** piety under Okawaru
  2147 | D:3      | Reached skill level 5 in Axes
  2147 | D:3      | Reached XP level 6. HP: 47/53 MP: 2/5
  2243 | D:3      | Reached skill level 5 in Armour
  2385 | D:3      | Noticed Sigmund
  2396 | D:3      | Killed Sigmund
  2397 | D:3      | Reached skill level 6 in Axes
  2397 | D:3      | Reached skill level 5 in Shields
  2397 | D:3      | Reached XP level 7. HP: 52/60 MP: 3/6
  2498 | D:3      | Found a stormy altar of Qazlal.
  2532 | D:4      | Reached skill level 5 in Fighting
  3444 | D:5      | Entered Level 5 of the Dungeon
  3639 | D:5      | Found a staircase to the Ecumenical Temple.
  3655 | D:5      | Killed from afar by an acid dragon

Illustrated notes

Levels and vault maps discovered:
D:1:      erik_arrival_triangle_medium, layout_basic,
          hellmonk_ecumenical_altar_leap_of_faith, minivault_4, minivault_14,
          minivault_19
D:2:      layout_loops_ring, uniq_crazy_yiuf_cottage
D:3:      layout_basic, mainiacjoe_overflow_cross_hatched, uniq_grinder,
          uniq_sigmund
D:4:      layout_basic
D:5:      layout_basic, nemelex_spade_bored_becter,
          mainiacjoe_overflow_small_starburst, grunt_temple_overflow_open,
          minmay_temple_entry_overgrown, biasface_ghost_orc_armoury,
          uniq_edmund, uniq_eustachio, uniq_pikel

Skill      XL: |  1  2  3  4  5  6  7 |
---------------+----------------------+-----
Armour         | 4 5 |  5.7
Shields        | 4 5 |  5.5
Fighting       | 4 5 |  5.3
Axes           | 3 4 5 6 |  6.8
Dodging        | 1 2 |  2.3
Throwing       | |  0.4
Stealth        | |  0.1
Invocations    | |  0.1

Action                     |  1- 3 |  4- 6 |  7- 9 || total
---------------------------+-------+-------+-------++-------
  Melee: War axe           |    74 |    85 |    83 ||   242
         Headbutt          |     9 |    10 |    16 ||    35
  Throw: Dart              |       |     3 |       ||     3
         Stone             |       |       |    13 ||    13
 Invoke: Heroism           |       |     2 |     1 ||     3
 Armour: Scale mail        |    46 |    52 |    58 ||   156
  Dodge: Dodged            |    45 |    32 |    39 ||   116
  Block: Buckler           |    21 |    16 |    14 ||    51

Table legend: (Time is in decaauts)
 A = Elapsed time spent in this place.
 B = Non-inter-level travel time spent in this place.
 C = Inter-level travel time spent in this place.
 D = Time resting spent in this place.
 E = Time spent auto-exploring this place.
 F = Levels seen in this place.
 G = Mean time per level.
                   A        B        C        D        E       F      G
               +--------+--------+--------+--------+--------+-----+--------+
         Total |   3722 |   3659 |     63 |      0 |   2993 |   5 |  744.4 |
       Dungeon |   3722 |   3659 |     63 |      0 |   2993 |   5 |  744.4 |
               +--------+--------+--------+--------+--------+-----+--------+

Top non-repeatable levels by time:
     D:1: 1093 daAuts
     D:4: 938 daAuts
     D:2: 791 daAuts
     D:3: 685 daAuts
     D:5: 213 daAuts
